AoeStats
← LWV | ChrisJedai

Arabia

510184264Analyzed
3v3 RM · 2d ago on Sep 29, 2026· 50m 52s· 6 players
Game mode
Random Map
Map size
Normal (6 player)
Population
200
Speed
Normal
Resources
Standard
Victory
Conquest
Starting age
Dark Age
Ending age
Imperial Age
RankedLock teamsTeams togetherTeam positionsShared explorationLock speedFull tech treeHidden civsTurbo modeCheats
Victory
Defeat
🇨🇱 Hindustanis · Chile
1177
+10
🇨🇱 Italians · Chile
1157
+11
🇨🇱 Cumans · Chile
1113
+13
🇲🇽 Ethiopians · Mexico
1084
-13
🇮🇹 Romans · Italy
1069
-12
🇧🇷 Slavs · Brazil
990
-9
Khruner
6:05 Loom
11:58 Feudal Age
12:28 Man-at-Arms
14:56 Scale Mail Armor
14:51 Fletching
19:35 Castle Age
18:36 Padded Archer Armor
18:35 Double-Bit Axe
21:47 Elite Skirmisher
24:07 Pikeman
26:58 Squires
27:39 Horse Collar
31:42 Town Watch
33:04 Wheelbarrow
33:51 Forging
34:56 Chain Mail Armor
36:23 Long Swordsman
37:52 Bow Saw
37:44 Heavy Plow
37:48 Gold Mining
39:40 Bodkin Arrow
40:26 Ballistics
41:17 Gold Shaft Mining
45:01 Imperial Age
42:49 Hand Cart
46:09 Iron Casting
45:26 Halberdier
len´s_goth
7:34 Loom
10:12 Feudal Age
16:59 Fletching
23:27 Castle Age
23:16 Gold Mining
23:17 Double-Bit Axe
23:34 Crossbowman
24:27 Forging
25:28 Thumb Ring
27:07 Town Watch
28:16 Ballistics
28:45 Wheelbarrow
28:39 Horse Collar
30:19 Bodkin Arrow
33:58 Town Patrol
Don Constan
4:10 Loom
11:09 Feudal Age
12:00 Double-Bit Axe
13:24 Horse Collar
22:20 Wheelbarrow
21:40 Stone Mining
21:40 Gold Mining
22:55 Fletching
25:38 Padded Archer Armor
28:53 Castle Age
28:19 Town Watch
30:05 Husbandry
30:15 Bloodlines
30:18 Bodkin Arrow
33:07 Scale Barding Armor
35:47 Chain Barding Armor
39:39 Detinets
40:18 Gold Shaft Mining
39:52 Elite Skirmisher
LWV | planb
7:52 Loom
10:04 Feudal Age
10:37 Double-Bit Axe
11:50 Town Watch
14:28 Fletching
22:44 Castle Age
21:33 Wheelbarrow
21:41 Gold Mining
21:32 Horse Collar
22:47 Crossbowman
24:46 Wheelbarrow
25:09 Bodkin Arrow
25:15 Padded Archer Armor
26:30 Bow Saw
27:18 Leather Archer Armor
27:45 Ballistics
32:56 Hand Cart
32:54 Heavy Plow
33:56 Treadmill Crane
34:42 Thumb Ring
36:25 Stone Mining
39:31 Stone Shaft Mining
41:49 Imperial Age
40:23 Town Patrol
42:05 Masonry
41:52 Arbalester
42:33 Bracer
43:04 Ring Archer Armor
43:42 Chemistry
44:32 Two-Man Saw
44:03 Crop Rotation
44:22 Architecture
45:42 Conscription
45:57 Hoardings
49:39 Spies/Treason
LWV | AndresO11
9:19 Feudal Age
8:48 Loom
10:15 Double-Bit Axe
16:29 Fletching
19:57 Castle Age
20:49 Thumb Ring
23:21 Bow Saw
23:52 Bodkin Arrow
29:33 Bloodlines
30:47 Husbandry
33:34 Light Cavalry
36:00 Scale Barding Armor
36:06 Forging
39:24 Imperial Age
37:26 Chain Barding Armor
36:57 Town Watch
37:58 Wheelbarrow
38:22 Gold Mining
39:34 Hand Cart
40:27 Scale Mail Armor
41:02 Iron Casting
41:12 Elite Ghulam
42:34 Ballistics
43:19 Chain Mail Armor
44:04 Blast Furnace
44:55 Heavy Cavalry Archer
47:05 Chemistry
48:25 Plate Barding Armor
47:51 Bracer
47:52 Padded Archer Armor
49:26 Conscription
LWV | ChrisJedai
7:58 Loom
11:33 Feudal Age
16:22 Castle Age
15:26 Double-Bit Axe
16:22 Horse Collar
17:55 Forging
23:43 Scale Barding Armor
27:47 Iron Casting
28:18 Wheelbarrow
27:54 Bow Saw
29:20 Bloodlines
30:10 Hand Cart
31:24 Town Watch
32:21 Gold Mining
32:21 Stone Mining
36:55 Imperial Age
35:56 Capped Ram
37:08 Chain Barding Armor
38:38 Town Patrol
38:30 Pikeman
39:12 Squires
40:44 Elite Steppe Lancer
42:11 Light Cavalry
43:00 Siege Ram
45:00 Plate Barding Armor
44:44 Hussar
46:10 Steppe Husbandry
46:31 Conscription
50:58 Two-Man Saw
50:01 Heavy Plow
51:06 Blast Furnace
49:57 Fletching
50:08 Scale Mail Armor
49:42 Spies/Treason
Connection lost

Rejoining the realm…

Still unreachable

The connection could not be restored.

Session expired

The server has moved on; the page needs a fresh start.